Map: Frost LE

Players

Neeblet (Neeb)

  • Race: Protoss Protoss
  • League: Master

MarineLorD - Winner!

  • Race: Terran Terran
  • League: Master

Event: DreamHack ZOWIE Open Valencia 2016

VOD

Have the link to the VOD?

Description

Time

  • Played on: July 16, 2016, 9:16 a.m.
  • Length: 13:17

All games in this series

Show
View Real Time Build Order
Export as new Build Order

Neeblet Protoss 

Build Orders: 1 Gate Expand, Blink Stalkers 

Get SALT Encoding   

  12  0:00  Probe (Chrono Boost)  
  13  0:11  Probe (Chrono Boost)  
  14  0:18  Pylon  
  14  0:22  Probe (Chrono Boost)  
  15  0:36  Probe (Chrono Boost), Gateway  
  16  0:47  Probe (Chrono Boost)  
  16  0:48  Assimilator  
  17  0:57  Probe (Chrono Boost)  
  18  1:08  Probe (Chrono Boost)  
  19  1:18  Nexus  
  19  1:22  Probe (Chrono Boost)  
  20  1:32  Cybernetics Core  
  20  1:35  Probe (Chrono Boost)  
  21  1:40  Assimilator  
  21  1:45  Probe (Chrono Boost)  
  22  1:53  Pylon  
  22  1:56  Probe (Chrono Boost)  
  23  2:03  Warp Gate  
  23  2:08  Adept  
  23  2:13  Probe (Chrono Boost)  
  26  2:26  Mothership Core (Chrono Boost)  
  28  2:30  Probe (Chrono Boost)  
  31  2:41  Probe (Chrono Boost)  
  31  2:43  Robotics Facility  
  30  2:44  Probe (Chrono Boost)  
  31  2:51  Stalker  
  31  2:52  Probe (Chrono Boost)  
  31  2:56  Probe (Chrono Boost)  
  35  3:02  Probe (Chrono Boost)  
  36  3:08  Probe (Chrono Boost)  
  38  3:13  Probe (Chrono Boost)  
  38  3:14  Gateway  
  38  3:15  Gateway  
  39  3:20  Probe (Chrono Boost)  
  39  3:22  Adept  
  39  3:24  Probe (Chrono Boost)  
  42  3:30  Twilight Council  
  42  3:31  Observer  
  42  3:34  Probe (Chrono Boost)  
  44  3:36  Probe (Chrono Boost)  
  44  3:40  Pylon  
  45  3:46  Probe (Chrono Boost)  
  46  3:53  Pylon, Warp Prism  
  46  3:58  Probe (Chrono Boost)  
  46  3:59  Blink, Probe (Chrono Boost)  
  50  4:07  Pylon  
  50  4:08  Stalker x2  
  55  4:18  Probe (Chrono Boost)  
  55  4:19  Probe (Chrono Boost)  
  56  4:25  Stalker  
  56  4:29  Assimilator  
  59  4:31  Probe (Chrono Boost)  
  59  4:32  Adept  
  59  4:34  Adept  
  59  4:38  Probe (Chrono Boost)  
  64  4:43  Probe (Chrono Boost)  
  65  4:46  Observer  
  65  4:48  Pylon  
  65  4:50  Probe (Chrono Boost)  
  67  4:57  Probe (Chrono Boost)  
  68  5:02  Probe (Chrono Boost), Immortal  
  68  5:04  Assimilator  
  68  5:05  Pylon  
  68  5:09  Probe (Chrono Boost)  
  73  5:19  Sentry, Probe (Chrono Boost)  
  73  5:20  Nexus  
  76  5:22  Pylon  
  76  5:25  Pylon  
  76  5:27  Probe (Chrono Boost)  
  77  5:31  Forge  
  77  5:32  Probe (Chrono Boost)  
  78  5:37  Immortal  
  78  5:39  Probe (Chrono Boost)  
  84  5:44  Probe (Chrono Boost)  
  84  5:50  Sentry, Adept x2  
  84  5:51  Probe (Chrono Boost)  
  92  5:57  Probe (Chrono Boost)  
  92  6:01  Pylon  
  92  6:04  Pylon  
  92  6:12  Protoss Ground Weapons Level 1  
  92  6:13  Resonating Glaives  
  92  6:16  Stalker x3  
  90  6:19  Probe (Chrono Boost)  
  90  6:20  Probe (Chrono Boost)  
  90  6:24  Immortal  
  84  6:31  Probe (Chrono Boost)  
  84  6:32  Probe (Chrono Boost)  
  89  6:36  Probe (Chrono Boost)  
  90  6:43  Sentry x2  
  90  6:44  Probe x2 (Chrono Boost)  
  97  6:48  Probe (Chrono Boost)  
  97  6:53  Gateway x2  
  97  6:55  Gateway  
  97  6:56  Probe x2 (Chrono Boost)  
  100  7:02  Immortal  
  101  7:09  Sentry x2  
  101  7:11  Adept  
  107  7:17  Gateway  
  107  7:18  Gateway  
  107  7:22  Pylon  
  107  7:29  Assimilator  
  107  7:37  Adept x3, Immortal  
  107  7:39  Pylon  
  107  7:43  Forge  
  117  7:47  Pylon  
  117  7:50  Adept  
  119  7:54  Assimilator  
  119  7:55  Stalker x2  
  123  8:03  Protoss Ground Weapons Level 2  
  123  8:04  Stalker x2  
  123  8:05  Stalker  
  129  8:10  Protoss Ground Armor Level 1  
  127  8:17  Pylon  
  127  8:19  Adept x3  
  117  8:41  Adept x2  
  117  8:42  Stalker x2, Adept x2  
  117  8:43  Stalker  
  117  8:46  Nexus  
  131  8:51  Pylon  
  131  8:55  Pylon  
  134  8:56  Observer  
  134  8:57  Probe x3 (Chrono Boost)  
  121  9:12  Robotics Bay, Warp Prism  
  121  9:13  Stalker x5  
  131  9:23  Pylon  
  133  9:26  Photon Cannon  
  133  9:28  Pylon  
  133  9:30  Stalker x2  
  137  9:33  Pylon  
  129  9:48  Protoss Ground Armor Level 2  
  123  9:53  Stalker, Warp Prism  
  123  9:54  Stalker x6  
  139  10:07  Protoss Ground Weapons Level 3  
  139  10:09  Probe x3 (Chrono Boost)  
  142  10:19  Adept x4  
  142  10:20  Adept x2  
  152  10:24  Disruptor  
  155  10:41  Gateway  
  155  10:42  Charge  
  155  10:45  Gateway  
  155  10:46  Assimilator  
  155  10:48  Assimilator  
  155  10:55  Disruptor  
  158  11:08  Stalker x5  
  158  11:09  Stalker x2  
  170  11:13  Adept  
  172  11:26  Disruptor  
  119  11:56  Stalker x2  
  119  11:57  Stalker x6, Disruptor  
  116  12:20  Adept x5  
  116  12:22  Stalker x2  
  126  12:23  Stalker  
  126  12:27  Adept x2  
  106  12:31  Disruptor  
  91  12:41  Stalker x2  
  91  12:42  Stalker x3  
  94  12:46  Stalker x3  
  98  12:53  Adept  
  98  12:54  Adept  
  98  13:05  Stalker x3  
  92  13:06  Stalker, Adept  
  92  13:09  Adept  
  92  13:10  Adept  
  92  13:11  Adept  
Show
View Real Time Build Order
Export as new Build Order

MarineLorD Terran - Winner!

Build Orders: Command Center First (CC), MMM Bio 

Get SALT Encoding   

  12  0:00  SCV  
  13  0:12  SCV  
  14  0:17  Supply Depot  
  14  0:24  SCV  
  15  0:38  SCV  
  16  0:50  SCV  
  17  0:59  Command Center  
  17  1:03  SCV  
  18  1:14  Barracks  
  18  1:17  SCV  
  19  1:27  Barracks  
  19  1:29  SCV  
  20  1:43  Barracks  
  20  1:44  SCV  
  21  1:56  SCV  
  21  2:00  Marine  
  23  2:08  Orbital Command  
  23  2:12  Orbital Command  
  23  2:14  Marine  
  24  2:18  Marine  
  25  2:29  Refinery  
  25  2:30  Marine, Refinery  
  25  2:32  Marine  
  25  2:36  SCV, Marine  
  29  2:43  SCV  
  30  2:48  Marine, SCV  
  31  2:54  Marine  
  31  2:55  SCV  
  34  3:00  SCV  
  34  3:01  Supply Depot  
  34  3:02  Barracks Tech Lab  
  34  3:04  Supply Depot  
  34  3:07  SCV  
  34  3:11  Marine  
  34  3:12  SCV  
  38  3:20  SCV  
  38  3:21  Stimpack  
  38  3:22  Marine  
  38  3:24  Supply Depot, SCV  
  41  3:31  Barracks Tech Lab  
  41  3:32  SCV, Barracks Reactor  
  41  3:36  SCV  
  41  3:40  Marine  
  43  3:44  SCV  
  44  3:48  Factory  
  44  3:49  Marine  
  44  3:51  SCV  
  46  3:55  Refinery  
  46  3:56  SCV, Engineering Bay  
  46  3:58  Marauder  
  49  4:03  SCV  
  49  4:08  Supply Depot, SCV, Marine  
  49  4:09  Marine, Marauder  
  54  4:16  SCV  
  56  4:20  SCV, Marauder  
  59  4:25  Supply Depot  
  59  4:27  Marine x2  
  59  4:28  SCV  
  59  4:29  Marine  
  63  4:32  SCV, Starport  
  63  4:33  Factory Reactor  
  64  4:39  Missile Turret  
  64  4:40  SCV  
  64  4:42  Marauder  
  64  4:44  SCV  
  64  4:45  Combat Shields  
  68  4:46  Marine  
  68  4:51  Missile Turret  
  68  4:52  Marine  
  70  4:57  Terran Infantry Weapons Level 1  
  70  5:02  SCV  
  70  5:03  SCV  
  70  5:06  Supply Depot  
  72  5:10  Marauder x2  
  74  5:20  SCV x2  
  76  5:21  Medivac  
  76  5:27  Marine x2, Medivac  
  82  5:28  Supply Depot  
  82  5:31  Supply Depot  
  82  5:34  Marine x2  
  84  5:38  SCV  
  82  5:49  SCV  
  80  5:51  Marine, Medivac  
  80  5:52  Marine, Concussive Shells  
  84  5:57  Medivac  
  84  6:02  Command Center  
  86  6:05  Marauder  
  86  6:08  SCV, Marauder  
  86  6:16  Marine  
  75  6:20  SCV x2  
  75  6:24  Liberator  
  73  6:26  Marine  
  71  6:33  SCV  
  71  6:35  Barracks x2, Liberator  
  71  6:37  Marine  
  71  6:39  Marine  
  73  6:42  SCV  
  73  6:45  SCV  
  73  6:46  Refinery  
  76  6:48  Marine x2  
  76  6:51  Terran Infantry Armor Level 1  
  81  6:57  Supply Depot  
  81  6:58  SCV  
  81  6:59  Marauder  
  84  7:01  SCV  
  84  7:02  Marine  
  84  7:05  Marine  
  87  7:10  SCV, Marauder  
  87  7:12  Liberator  
  87  7:13  Orbital Command  
  90  7:20  Marine  
  90  7:21  Marauder  
  93  7:26  Barracks Reactor, Barracks Tech Lab  
  96  7:30  SCV, Marine  
  96  7:32  Marauder  
  100  7:38  Marine, Orbital Command  
  100  7:39  SCV  
  100  7:42  Marauder  
  100  7:43  Missile Turret  
  104  7:46  SCV, Armory  
  104  7:47  Engineering Bay  
  104  7:50  Marauder  
  107  7:51  SCV  
  107  7:56  Marauder  
  107  7:57  Marine x2  
  112  8:03  SCV x2  
  112  8:04  SCV  
  111  8:09  Marine, Marauder  
  111  8:11  Marauder  
  115  8:15  SCV  
  115  8:16  Liberator  
  115  8:17  Marine, Liberator  
  117  8:22  Marine  
  117  8:24  SCV  
  117  8:26  SCV  
  114  8:33  Marine x2  
  118  8:36  SCV  
  118  8:39  Terran Infantry Weapons Level 2  
  114  8:46  Missile Turret  
  114  8:48  SCV  
  114  8:52  SCV  
  114  8:53  SCV  
  114  8:55  Terran Infantry Armor Level 2  
  117  9:01  SCV  
  117  9:04  SCV  
  117  9:05  SCV  
  117  9:06  Marine x2, Marauder  
  113  9:11  Refinery x2  
  113  9:13  SCV, Marine x4  
  113  9:16  Terran Ship Weapons Level 1  
  118  9:18  Command Center  
  118  9:19  Supply Depot  
  118  9:21  Medivac  
  118  9:23  SCV  
  121  9:24  SCV  
  121  9:25  SCV  
  123  9:33  Liberator  
  123  9:35  SCV  
  123  9:37  SCV x2  
  123  9:38  Marine, Marauder  
  122  9:40  Supply Depot  
  122  9:41  Supply Depot  
  122  9:42  Marine x2  
  122  9:44  Supply Depot, Marauder  
  122  9:45  Marine, Marauder  
  117  9:48  SCV  
  117  9:49  SCV  
  116  9:53  Widow Mine  
  116  9:55  SCV  
  116  9:59  Marine  
  121  10:00  Marauder  
  121  10:05  Marauder  
  124  10:08  Sensor Tower, Marine x3  
  124  10:09  Marauder  
  124  10:11  Liberator  
  124  10:12  Starport  
  129  10:16  Liberator  
  129  10:17  Marine  
  129  10:21  Marine, Widow Mine  
  127  10:26  Marine x3, Barracks x3  
  138  10:36  Marine, Marauder  
  138  10:37  Marine  
  138  10:42  Marine  
  143  10:48  Marine, Fusion Core  
  143  10:49  Marauder  
  146  10:52  Missile Turret  
  146  10:53  Planetary Fortress  
  146  10:54  Marine, Liberator  
  147  10:57  Marine  
  147  10:58  Marauder  
  147  10:59  Liberator  
  147  11:00  Marauder  
  152  11:07  Marine x2  
  152  11:08  Starport Tech Lab  
  152  11:10  Supply Depot  
  157  11:13  Marine  
  157  11:14  Marauder, Refinery  
  157  11:15  Marine, Refinery  
  157  11:17  Marine x2  
  166  11:25  Factory Reactor  
  166  11:29  Supply Depot, Marauder  
  166  11:30  Supply Depot, Marine  
  166  11:31  Marine  
  170  11:35  Marine  
  170  11:39  Marine x2, Marauder  
  170  11:42  Marine  
  170  11:44  Liberator x2  
  170  11:45  Marauder  
  166  11:47  Marine  
  166  11:48  Marine x2  
  166  11:50  Marauder  
  166  11:52  Marine  
  154  12:01  Marauder  
  156  12:05  Marine  
  156  12:06  Marauder  
  164  12:12  Marauder  
  154  12:17  Marine  
  154  12:22  Marauder  
  152  12:23  Marine  
  152  12:26  Marine  
  152  12:28  Marine, Marauder  
  152  12:29  Marine  
  146  12:30  Marine  
  146  12:32  Marine  
  146  12:34  Marine  
  143  12:37  Marine  
  143  12:41  Marine  
  143  12:43  Marine  
  134  12:44  Medivac x2  
  134  12:48  SCV x2  
  134  12:56  Marauder  
  134  12:57  SCV, Marine  
  135  13:00  SCV  
  135  13:01  SCV  
  135  13:02  SCV  

Tags
 
Add a new tag
Caveats
  • Supply blocks, unpowered buildings, or Contaminate may cause inaccurate times.
  • Supply counts are checked every 10 seconds.